 Dungeon Crawl Stone Soup version 0.29.1-15-g9cfb28693d (webtiles) character file.

Game seed: 9259928373940875238

7014 HOAXBANE2 the Zephyrmancer (level 11, -4/115 HPs)
             Began as a Human Artificer on Mar 9, 2023.
             Was a Believer of Dithmenos.
             Slain by a skeletal warrior
             ... wielding a +0 battleaxe
              (12 damage)
             ... on level 7 of the Dungeon.
             The game lasted 01:58:53 (15700 turns).

HOAXBANE2 the Zephyrmancer (Human Artificer)       Turns: 15700, Time: 01:58:54

Health: -4/115     AC: 25    Str: 12    XL:     11   Next: 29%
Magic:  8/18       EV:  2    Int: 16    God:    Dithmenos [**....]
Gold:   68         SH:  0    Dex: 14    Spells: 7/20 levels left

rFire   . . .      SeeInvis .   G - +5 falchion (freeze)
rCold   + . .      Faith    .   (no shield)
rNeg    . . .      Spirit   .   (body armour currently unavailable)
rPois   +          Reflect  .   (helmet currently unavailable)
rElec   .          Harm     .   (cloak currently unavailable)
rCorr   .          Rampage  .   (gloves currently unavailable)
Will    .....      NoTele   +   (boots currently unavailable)
Stlth   ++++......              y - amulet of regeneration
HPRegen 1.09/turn               s - ring of protection from cold
MPRegen 0.16/turn               x - ring of wizardry

@: mighty, tree-form, wreathed by umbra
A: stationary, stasis, torment immunity, boosted hp
a: Renounce Religion, Shadow Step


You were on level 7 of the Dungeon.
You worshipped Dithmenos.
Dithmenos was pleased with you.
You were a tree.
You visited 2 branches of the dungeon, and saw 9 of its levels.
You also visited: Sewer.

You collected 518 gold pieces.
You spent 450 gold pieces at shops.

Inventory:

Hand Weapons
 G - a +5 falchion of freezing (weapon)
Missiles
 f - 2 boomerangs
 u - 29 poisoned darts
 C - 5 curare-tipped darts
 K - a throwing net (quivered)
Armour
 m - a +2 pair of boots of rampaging (melded)
 t - a +2 leather armour of willpower (melded)
 O - a +1 cloak of poison resistance (melded)
Jewellery
 a - a ring of flight
 s - a ring of protection from cold (left branch)
 x - a ring of wizardry (right branch)
 y - an amulet of regeneration (around neck)
 M - a ring of fire
Wands
 c - a wand of flame (16)
 d - a wand of charming (13)
 e - a wand of iceblast (1)
 A - a wand of acid (2)
 N - a wand of polymorph (5)
Scrolls
 b - a scroll of blinking {unknown}
 k - a scroll of amnesia
 o - a scroll of torment {unknown}
 q - 2 scrolls of fog
 w - a scroll of enchant armour {unknown}
 z - a scroll of noise {unknown}
 E - a scroll of brand weapon {unknown}
 F - a scroll of fear {unknown}
 H - 3 scrolls of enchant weapon {unknown}
 I - a scroll of acquirement {unknown}
Potions
 h - 4 potions of curing
 i - 2 potions of heal wounds
 j - 2 potions of attraction
 l - 4 potions of brilliance
 n - 3 potions of resistance
 p - a potion of invisibility {unknown}
 r - 3 potions of lignification
 v - a potion of flight {unknown}
 B - a potion of berserk rage
 D - a potion of mutation {unknown}
 J - a potion of magic {unknown}
Miscellaneous
 L - a piece from Xom's chessboard (14/15)


   Skills:
 - Level 4.0 Fighting
 - Level 5.0(5.3) Short Blades
 - Level 2.4(4.0) Long Blades
 - Level 2.0 Armour
 + Level 5.5 Dodging
 - Level 6.0 Stealth
 - Level 5.0 Spellcasting
 - Level 5.0 Conjurations
 - Level 4.0 Summonings
 - Level 4.0 Translocations
 - Level 8.0 Air Magic
 - Level 4.0 Evocations


You had 7 spell levels left.
You knew the following spells:

 Your Spells              Type           Power      Damage    Failure   Level
a - Static Discharge      Conj/Air       24%        3-6/arc   1%          2
b - Airstrike             Air            14%        2d(3-19)  2%          4
c - Summon Lightning Spi  Summ/Air       23%        N/A       5%          4
d - Teleport Other        Tloc           17%        N/A       3%          3

Your spell library contained the following spells:

 Spells                   Type           Power      Damage    Failure   Level
 Gell's Gravitas          Tloc           17%        N/A       3%          3
 Lesser Beckoning         Tloc           17%        N/A       3%          3
 Lightning Bolt           Conj/Air       12%        1d25      12%         5
 Sticky Flame             Conj/Fire      12%        2d4       21%         4
 Dispel Undead            Necr           4%         3d7       50%         4
 Maxwell's Capacitive Co  Air            14%        ∞         100%        8


Dungeon Overview and Level Annotations

Branches:
Dungeon (8/15)             Temple (1/1) D:5           Sewer (visited)
   Lair: D:8-11

Altars:
Ashenzari
Dithmenos
Elyvilon
Fedhas
Gozag
Hepliaklqana
Kikubaaqudgha
Makhleb
Nemelex Xobeh
Okawaru
Ru
Trog
Uskayaw
Vehumet
Wu Jian
Xom
Yredelemnul
Zin
The Shining One

Shops:
D:1 (   D:7 [=?   D:8 *


Message History

The bolt of electricity hits the skeletal warrior but does no damage.
Casting: Static Discharge (safe; 1% risk of failure)
Confirm with . or Enter, or press ? or * to list all spells.
The skeletal warrior is struck by an arc of lightning.
The skeletal warrior is moderately damaged.
The skeletal warrior hits you with a +0 battleaxe!!
The skeletal warrior hits your lightning spire with a +0 battleaxe!
Your lightning spire is destroyed!
Your lightning spire disappears in a puff of smoke!
Unknown command.
You turn into a tree.
Your +1 cloak of poison resistance melds into your body.
Your +2 pair of boots of rampaging melds into your body.
Your +2 leather armour of willpower melds into your body.
You no longer feel resistant to poison.
You no longer feel able to rampage towards enemies.
You feel less strong-willed.
Your roots penetrate the ground.
The skeletal warrior hits you with a +0 battleaxe.
Press: ? - help, v - describe, . - travel
Here: a skeletal warrior, wielding a +0 battleaxe (lightly damaged, umbra)
The floor, spattered with blood.
Unknown command.
Unknown command.
You closely miss the skeletal warrior.
The skeletal warrior is lightly damaged.
The skeletal warrior hits you with a +0 battleaxe.
You hit the skeletal warrior.
The skeletal warrior is moderately damaged.
The skeletal warrior hits you with a +0 battleaxe!!
* * * LOW HITPOINT WARNING * * *
You feel very mighty all of a sudden.
The skeletal warrior hits you with a +0 battleaxe!
* * * LOW HITPOINT WARNING * * *
You closely miss the skeletal warrior.
The skeletal warrior is moderately damaged.
The skeletal warrior hits you but does no damage.
You barely miss the skeletal warrior.
The skeletal warrior is moderately damaged.
The skeletal warrior hits you with a +0 battleaxe!
You die...

#<######## #.#....... #.##.#####
#.##.# # *######*##******######
#.##.# # *#.....*..,,,,,,#....#
#.##'##### *#.....#.###*#######.#
#.#......# *#.......#⌠###8###8#.#
#.#......# *#.......##.....♣....#
#.#.)....#
##...z...##.....z...####.#......#
......#<.##............#.#....#..
##.....z.#8......................
.........##............#)#....#..
......#####..##........#.#....#..
#........##..##........#.#......#
.........#8............#'#.......
#........##.....##...............


You could see a skeletal warrior.

Vanquished Creatures
  2 two-headed ogres
  3 skeletal warriors (D:7)
  Pikel (D:5)
  A shadow (D:6)
  Grum (D:8)
  A water moccasin (Sewer)
  2 orc warriors
  3 black bears
  4 wolves (D:8)
  2 ogres
  3 centaurs
  A kobold brigand (D:8)
  2 bullfrogs (D:7)
  A gnoll sergeant (D:8)
  Blork the orc (D:4)
  2 scorpions
  A necrophage (D:5)
  14 wights
  A nameless horror (D:8)
  2 howler monkeys (D:6)
  A quasit (D:8)
  4 orc priests
  4 hounds
  A jelly (D:4)
  Terence (D:3)
  3 iguanas
  4 orc wizards
  2 gnolls (D:8)
  16 adders
  2 shadow imps
  4 white imps
  2 ufetubi
  4 worms
  5 dart slugs
  16 orcs
  2 ball pythons (D:1)
  17 endoplasms
  10 giant cockroaches
  7 goblins
  8 hobgoblins
  4 jackals (D:3)
  12 quokkas
  12 bats
  3 frilled lizards
  12 kobolds
  5 rats
  A bush (D:3)
210 creatures vanquished.

Vanquished Creatures (collateral kills)
  An orc warrior (D:7)
  2 gnolls (D:8)
  7 orcs
10 creatures vanquished.

Vanquished Creatures (others)
  4 demonic plants (D:8)
4 creatures vanquished.

Grand Total: 224 creatures vanquished

Notes
Turn   | Place    | Note
-------+----------+-------------------------------------------
     0 | D:1      | HOAXBANE2 the Human Artificer began the quest for the Orb.
     0 | D:1      | Reached XP level 1. HP: 15/15 MP: 1/1
   416 | D:1      | Reached XP level 2. HP: 22/22 MP: 2/2
   863 | D:1      | Found Noham's Antique Weapon Emporium.
   968 | D:1      | Reached XP level 3. HP: 24/28 MP: 3/3
  1401 | D:1      | Found a faded altar of an unknown god.
  2338 | D:2      | Reached XP level 4. HP: 11/35 MP: 4/4
  3760 | D:3      | Noticed Terence
  3770 | D:3      | Killed Terence
  3771 | D:3      | Reached XP level 5. HP: 26/42 MP: 5/5
  5601 | D:4      | Noticed Blork the orc
  5872 | D:4      | Killed Blork the orc
  5873 | D:4      | Reached XP level 6. HP: 36/48 MP: 6/6
  6547 | D:4      | Reached XP level 7. HP: 40/54 MP: 7/7
  6719 | D:4      | Reached skill level 5 in Stealth
  6763 | D:4      | Reached skill level 1 in Short Blades
  7313 | D:5      | Entered Level 5 of the Dungeon
  7682 | D:5      | Found a staircase to the Ecumenical Temple.
  7690 | Temple   | Entered the Ecumenical Temple
  7703 | Temple   | Became a worshipper of Dithmenos the Shadowed
  7741 | D:5      | Learned a level 2 spell: Static Discharge
  7761 | D:5      | Reached XP level 8. HP: 58/60 MP: 5/8
  7838 | D:5      | Noticed Pikel
  7860 | D:5      | Killed Pikel
  7861 | D:5      | Reached skill level 2 in Air Magic
  7871 | D:5      | Reached skill level 5 in Short Blades
  8374 | D:6      | Reached skill level 3 in Air Magic
  8374 | D:6      | Reached XP level 9. HP: 31/65 MP: 12/12
  8777 | D:6      | Reached * piety under Dithmenos
  8808 | D:6      | Found a glowing drain.
  8819 | Sewer    | Entered a sewer
  8861 | Sewer    | Reached skill level 4 in Air Magic
  8941 | Sewer    | Learned a level 4 spell: Airstrike
  9037 | D:6      | Noticed a two-headed ogre
  9075 | D:6      | Killed a two-headed ogre
  9076 | D:6      | Reached skill level 5 in Conjurations
  9076 | D:6      | Reached skill level 6 in Air Magic
 10025 | D:6      | Reached XP level 10. HP: 71/71 MP: 6/14
 11320 | D:7      | Noticed a skeletal warrior
 11324 | D:7      | Noticed a skeletal warrior
 11326 | D:7      | Noticed a skeletal warrior
 11327 | D:7      | Noticed a skeletal warrior
 11626 | D:7      | Noticed a skeletal warrior
 11650 | D:7      | Reached skill level 1 in Long Blades
 11712 | D:7      | Reached skill level 7 in Air Magic
 11840 | D:8      | Learned a level 4 spell: Summon Lightning Spire
 11979 | D:8      | Found a sparkling altar of Nemelex Xobeh.
 12052 | D:8      | Reached skill level 1 in Summonings
 12146 | D:8      | Found Pylegh's Assorted Antiques.
 12416 | D:8      | Reached ** piety under Dithmenos
 12675 | D:8      | Learned a level 3 spell: Teleport Other
 13043 | D:8      | Noticed a two-headed ogre
 13058 | D:8      | Killed a two-headed ogre
 13059 | D:8      | Reached skill level 8 in Air Magic
 13201 | D:8      | Noticed Grum
 13208 | D:8      | Killed Grum
 13566 | D:7      | Found Ametautz's Antique Armour Shoppe.
 13582 | D:7      | Bought a pair of glowing boots for 225 gold pieces
 13582 | D:7      | Bought an embroidered cloak for 225 gold pieces
 13808 | D:7      | Found Juukiugg's Jewellery Shoppe.
 13990 | D:7      | Found Dogatuf's Magic Scroll Emporium.
 14389 | D:7      | Killed a skeletal warrior
 14390 | D:7      | Reached skill level 5 in Spellcasting
 14390 | D:7      | Reached XP level 11. HP: 44/77 MP: 1/18
 14786 | D:7      | Found Dogatuf's Magic Scroll Emporium.
 14920 | D:7      | Found Ametautz's Antique Armour Shoppe.
 14970 | D:7      | Killed a skeletal warrior
 15145 | D:7      | Killed a skeletal warrior
 15146 | D:7      | Reached skill level 5 in Dodging
 15698 | D:7      | HP: 5/115 [skeletal warrior/+0 battleaxe (16)]
 15700 | D:7      | Slain by a skeletal warrior

Illustrated notes

Levels and vault maps discovered:
D:1:      lightli_iron_boxes, layout_loops_ring, serial_shops,
          nicolae_square_shop, hellmonk_ecumenical_altar_defaced_shrine
D:2:      layout_loops_corners, grunt_ministairs_2
D:3:      layout_basic, serial_forest, infiniplex_forest_clump_tiny,
          infiniplex_forest_clump_medium, infiniplex_forest_end_1,
          infiniplex_forest_lined_room_, infiniplex_forest_zigzag_2,
          infiniplex_forest_clump_C, infiniplex_forest_clump_long,
          infiniplex_forest_lined_2, uniq_terence
D:4:      layout_basic, minmay_fractal_squares_diagonal_5, uniq_blork_the_orc
D:5:      layout_rooms, minmay_temple_entry_fiery, uniq_pikel
D:6:      layout_basic, gup_sewer_entry_pipe
D:7:      layout_basic, serial_corexii_hall, corexii_hall_statues_s,
          chequers_hall_statues_corner_a, serial_shops, kennysheep_mini,
          nicolae_square_shop, kennysheep_little_box,
          ebering_dispersal_statue_hall
D:8:      black_bear_nest_1, layout_rooms, nicolae_overflow_crystal_walls,
          serial_demonic, serial_demonic_f, serial_demonic_e, serial_demonic_c,
          serial_demonic_g, serial_shops, nicolae_shop_advertising_works
          [nicolae_subvault_shop_adworks], hellmonk_bongcloud_opening,
          minivault_5, uniq_grum
Temple:   nicolae_temple_no_exploring_needed

Skill      XL: |  1  2  3  4  5  6  7  8  9 10 11 |
---------------+----------------------------------+-----
Fighting       | 2 3 4 |  4.0
Evocations     | 4 |  4.0
Stealth        | 3 4 6 |  6.0
Short Blades   | 3 5 |  5.0
Spellcasting   | 2 3 5 |  5.0
Conjurations   | 3 5 |  5.0
Air Magic      | 3 6 8 |  8.0
Long Blades    | 2 |  2.4
Summonings     | 4 |  4.0
Translocations | 4 |  4.0
Dodging        | 2 5 |  5.5
Armour         | |  2.0

Action                   |  1- 3 |  4- 6 |  7- 9 | 10-12 || total
-------------------------+-------+-------+-------+-------++-------
Melee: Hand axe          |   103 |       |       |       ||   103
       Punch             |     4 |     9 |     1 |       ||    14
       Rapier            |    25 |   352 |       |       ||   377
       Mace              |     9 |       |       |       ||     9
       Dagger            |       |    91 |   241 |       ||   332
       Falchion          |       |       |       |    63 ||    63
Throw: Boomerang         |    46 |    13 |     3 |       ||    62
       Dart              |       |    13 |    31 |     1 ||    45
       Throwing net      |       |       |       |     2 ||     2
 Cast: Static Discharge  |       |       |    30 |    40 ||    70
       Airstrike         |       |       |    14 |    40 ||    54
       Summon Lightning  |       |       |       |    15 ||    15
Evoke: Wand              |       |     9 |     7 |     5 ||    21
       Piece from Xom's  |       |       |       |     2 ||     2
  Use: Scroll            |       |     5 |     7 |     2 ||    14
       Potion            |       |       |       |     2 ||     2
 Stab: Sleeping          |     5 |     4 |     4 |       ||    13
       Distracted        |       |     1 |     1 |       ||     2
Armor: Leather armour    |    39 |    65 |    47 |    21 ||   172
       Skin              |       |       |       |     1 ||     1
Dodge: Dodged            |    84 |   143 |    94 |    55 ||   376
